AoeStats
← [PSCH] wolverito

Hideout

509964153Analyzed
1v1 RM · 3d ago on Sep 28, 2026· 45m 8s· 2 players
Game mode
Random Map
Map size
Tiny (2 player)
Population
200
Speed
Normal
Resources
Standard
Victory
Conquest
Starting age
Dark Age
Ending age
Imperial Age
RankedLock teamsTeams togetherTeam positionsShared explorationLock speedFull tech treeHidden civsTurbo modeCheats
Victory
Defeat
🇨🇭 Berbers · Switzerland
1509
+15
🇫🇷 Ethiopians · France
1481
-15
creece
10:53 Feudal Age
14:20 Castle Age
12:27 Double-Bit Axe
12:28 Horse Collar
15:18 Bow Saw
15:11 Heavy Plow
21:39 Gold Mining
23:20 Wheelbarrow
25:13 Hand Cart
28:25 Imperial Age
26:12 Fletching
27:14 Ballistics
28:16 Bodkin Arrow
28:22 Padded Archer Armor
28:09 Crossbowman
28:55 Thumb Ring
28:48 Loom
28:47 Onager
30:49 Chemistry
30:33 Conscription
30:51 Bracer
31:30 Arbalester
34:06 Siege Engineers
35:27 Masonry
41:21 Gold Shaft Mining
41:42 Leather Archer Armor
41:55 Guilds
[PSCH] wolverito
4:59 Loom
8:10 Loom
10:50 Feudal Age
15:01 Castle Age
13:06 Double-Bit Axe
19:21 Horse Collar
19:52 Bow Saw
20:24 Wheelbarrow
20:54 Light Cavalry
22:03 Heavy Plow
22:58 Forging
23:31 Stone Mining
26:38 Hand Cart
31:20 Imperial Age
30:01 Padded Archer Armor
29:51 Fletching
30:20 Fortified Wall
30:29 Bloodlines
30:17 Gold Mining
32:07 Scale Barding Armor
31:57 Bodkin Arrow
32:18 Leather Archer Armor
31:48 Hussar
33:06 Iron Casting
32:54 Ballistics
33:35 Chemistry
33:53 Conscription
34:26 Conscription
34:54 Siege Engineers
36:00 Masonry
36:36 Hoardings
36:48 Chain Barding Armor
36:29 Bracer
38:38 Plate Barding Armor
37:47 Elite Camel Archer
38:58 Ring Archer Armor
38:58 Town Watch
40:35 Blast Furnace
39:46 Kasbah
40:43 Husbandry
41:05 Maghrebi Camels
Connection lost

Rejoining the realm…

Still unreachable

The connection could not be restored.

Session expired

The server has moved on; the page needs a fresh start.